 Dungeon Crawl Stone Soup version 0.22.0-49-gab54619674 (webtiles) character file.

84 ZiP212 the Cudgeler (level 4, -3/41 HPs)
             Began as a Hill Orc Berserker on Sept 5, 2018.
             Was a Believer of Trog.
             Slain by a gnoll
             ... wielding a +0 spear
              (11 damage)
             ... on level 2 of the Dungeon.
             The game lasted 00:08:08 (1635 turns).

ZiP212 the Cudgeler (Hill Orc Berserker)            Turns: 1635, Time: 00:08:08

Health: -3/41      AC:  2    Str: 22    XL:     4   Next: 46%
Magic:  4/4        EV: 12    Int:  7    God:    Trog [**....]
Gold:   35         SH:  0    Dex: 10    Spells: 3/3 levels left

rFire    + . .     SeeInvis .   a - +0 mace
rCold    + . .     Gourm    .   (no shield)
rNeg     . . .     Faith    .   b - +0 animal skin
rPois    .         Spirit   .   (no helmet)
rElec    .         Reflect  .   (no cloak)
rCorr    .         Harm     .   (no gloves)
MR       .....                  (no boots)
Stlth    +.........             (no amulet)
HPRegen  0.13/turn              (no ring)
MPRegen  0.09/turn              (no ring)

@: berserk cooldown, slowed, very slow
A: cold resistance 1, fire resistance 1, mutation resistance 1, strong 1
a: Berserk, Trog's Hand, Renounce Religion


You were on level 2 of the Dungeon.
You worshipped Trog.
Trog was pleased with you.
You were hungry.

You visited 1 branch of the dungeon, and saw 2 of its levels.

You collected 35 gold pieces.

Inventory:

Hand Weapons
 a - a +0 mace (weapon)
Armour
 b - a +0 animal skin (worn)
Jewellery
 g - a +6 ring of dexterity {unknown}
Potions
 d - a potion of cancellation {unknown}
 i - a potion of curing
Comestibles
 c - 3 rations


   Skills:
 + Level 4.4 Fighting
 + Level 4.5 Maces & Flails
 + Level 2.4 Armour
 + Level 2.1 Dodging
 + Level 0.1 Stealth


You had 3 spell levels left.
You didn't know any spells.
Your spell library was empty.

Dungeon Overview and Level Annotations

Branches:
Dungeon (2/15)

Altars:

Annotations:
D:2 Sigmund


Innate Abilities, Weirdness & Mutations

Your flesh is cold resistant. (rC+)
Your flesh is heat resistant. (rF+)
You are somewhat resistant to further mutation.
Your muscles are strong. (Str +2)


Message History

You feel yourself slow down. The gnoll misses you.
Things that are here:
a club; a rat corpse; a gnoll corpse You barely miss the gnoll.
The gnoll barely misses you.
You thump the gnoll!
The gnoll is heavily wounded.
The gnoll hits you but does no damage. The gnoll barely misses you.
You hit the gnoll.
The gnoll is severely wounded.
The gnoll hits you but does no damage. The gnoll closely misses you.
Your magical contamination has completely faded away.
You barely miss the gnoll.
The gnoll is severely wounded.
The gnoll hits you with a spear!
* * * LOW HITPOINT WARNING * * *
The gnoll barely misses you.
You closely miss the gnoll.
The gnoll is severely wounded.
The gnoll hits you with a spear!
You die...

..#.## ### ###
#.#... ...# ..#
#....#..#.#
#.####....#.....
#.#.......g.....
#†..........# #†#
#...<...# #†#
##...$#.# #### #@#
#..r.# .<.# ####g#
#..... #....#
#....# #......
.....#
#........%..g..###
#...##
###.###...g.>.##
##.## #% ........
.. # .####.# ###
.# . ..


You could see a gnoll.

Vanquished Creatures
  An adder (D:1)
  2 gnolls (D:2)
  4 dart slugs
  A leopard gecko (D:1)
  A ball python (D:1)
  4 bats
  3 giant cockroaches (D:1)
  6 goblins
  7 hobgoblins
  4 jackals
  2 kobolds (D:1)
  A quokka (D:1)
  5 frilled lizards (D:1)
  4 rats
45 creatures vanquished.

Notes
Turn   | Place    | Note
-------+----------+-------------------------------------------
     0 | D:1      | ZiP212 the Hill Orc Berserker began the quest for the Orb.
     0 | D:1      | Reached XP level 1. HP: 19/19 MP: 1/1
    73 | D:1      | Reached XP level 2. HP: 22/27 MP: 2/2
   558 | D:1      | Reached XP level 3. HP: 33/33 MP: 3/3
   561 | D:1      | Gained mutation: Your muscles are strong. (Str +2) [potion
                  | of mutation]
   561 | D:1      | Gained mutation: Your flesh is heat resistant. (rF+)
                  | [potion of mutation]
   561 | D:1      | Gained mutation: Your flesh is cold resistant. (rC+)
                  | [potion of mutation]
   561 | D:1      | Gained mutation: You are somewhat resistant to further
                  | mutation. [potion of mutation]
   687 | D:1      | Reached ** piety under Trog
  1433 | D:1      | Reached XP level 4. HP: 31/41 MP: 4/4
  1591 | D:2      | Found a faded altar of an unknown god.
  1622 | D:2      | Noticed Sigmund
  1635 | D:2      | Slain by a gnoll

Skill      XL: |  1  2  3  4 |
---------------+-------------+-----
Fighting       | 4 |  4.4
Maces & Flails | 4 |  4.5
Dodging        | 2 |  2.1
Armour         | |  2.4
Stealth        | |  0.1

Action                   |  1- 3 |  4- 6 || total
-------------------------+-------+-------++-------
Melee: Mace              |   142 |    26 ||   168
Invok: Berserk           |     1 |     1 ||     2
       Trog's Hand       |     1 |       ||     1
  Use: Potion            |     2 |       ||     2
       Scroll            |     2 |     3 ||     5
  Eat: Chunk             |     2 |     2 ||     4
Armor: Animal skin       |    48 |     3 ||    51
Dodge: Dodged            |   163 |    13 ||   176
